 Dungeon Crawl Stone Soup version 0.20.0-10-g0535bb4 (webtiles) character file.

2445 VIVO the Cleaver (level 9, -4/78 HPs)
             Began as a Minotaur Fighter on June 5, 2017.
             Was a Priest of Okawaru.
             Killed from afar by a steam dragon (14 damage)
             ... with a ball of steam
             ... on level 7 of the Dungeon.
             The game lasted 00:40:03 (6108 turns).

VIVO the Cleaver (Minotaur Fighter)                 Turns: 6108, Time: 00:40:04

Health: -4/78      AC:  7    Str: 23    XL:     9   Next: 25%
Magic:  8/8        EV: 10    Int:  5    God:    Okawaru [***...]
Gold:   279        SH: 11    Dex: 11    Spells: 8/8 levels left

rFire    . . .     SeeInvis .   a - +0 war axe
rCold    . . .     Gourm    .   c - +0 shield
rNeg     . . .     Faith    .   b - +0 scale mail
rPois    .         Spirit   .   (helmet restricted)
rElec    .         Reflect  .   (no cloak)
rCorr    .         Harm     .   (no gloves)
MR       .....                  (no boots)
Stlth    ..........             (no amulet)
Regen    0.3/turn               (no ring)
MPRegen  0.2/turn               (no ring)

@: no status effects
A: retaliatory headbutt, horns 2
a: Heroism, Renounce Religion


You were on level 7 of the Dungeon.
You worshipped Okawaru.
Okawaru was most pleased with you.
You were near starving.

You visited 1 branch of the dungeon, and saw 7 of its levels.

You collected 279 gold pieces.

Inventory:

Hand Weapons
 a - a +0 war axe (weapon)
 v - the +6 spear of Compound Interest {pierce, rElec MP+9 Dex-2, unknown}
   (You found it on level 5 of the Dungeon)

   It inflicts extra damage upon your enemies.
   It affects your dexterity (-2).
   It insulates you from electricity.
   It affects your magic capacity (+9).
Armour
 b - a +0 scale mail (worn)
 c - a +0 shield (worn)
Jewellery
 C - a cursed ring of teleportation {unknown}
Wands
 s - a wand of iceblast (4/15)
 w - a wand of iceblast (5/15)
 x - a wand of flame (24/48)
 y - a wand of flame (18/48)
Scrolls
 f - 3 scrolls of recharging {unknown}
 h - a scroll of immolation {unknown}
 i - 2 scrolls of magic mapping {unknown}
 j - 2 scrolls of amnesia {unknown}
 k - 2 scrolls of blinking {unknown}
 l - 3 scrolls of remove curse {unknown}
 n - 4 scrolls of identify {unknown}
 u - a scroll of teleportation {unknown}
Potions
 d - 2 potions of might
 e - 3 potions of agility {unknown}
 m - 3 potions of brilliance {unknown}
 r - a potion of resistance
 t - a potion of cancellation {unknown}
 z - a potion of invisibility {unknown}
 B - 2 potions of curing
 D - a potion of flight {unknown}
Books
 p - a book of Cantrips

   Spells                             Type                      Level
   a - Confusing Touch                Hexes                        1
   b - Animate Skeleton               Necromancy                   1
   c - Summon Small Mammal            Summoning                    1
   d - Apportation                    Translocation                1
 q - a book of Necromancy

   Spells                             Type                      Level
   a - Pain                           Necromancy                   1
   b - Animate Skeleton               Necromancy                   1
   c - Vampiric Draining              Necromancy                   3
   d - Regeneration                   Charms/Necromancy            3
   e - Animate Dead                   Necromancy                   4
   f - Control Undead                 Necromancy                   4
 A - a book of Clouds

   Spells                             Type                      Level
   a - Poisonous Vapours              Poison/Air                   2
   b - Mephitic Cloud                 Conjuration/Poison/Air       3
   c - Conjure Flame                  Conjuration/Fire             3
   d - Freezing Cloud                 Conjuration/Ice/Air          6
   e - Ring of Flames                 Charms/Fire                  7
Comestibles
 g - 4 meat rations
 o - 2 royal jellies


   Skills:
 + Level 6.8 Fighting
 + Level 9.5 Axes
 + Level 6.8 Armour
 + Level 4.5 Dodging
 + Level 1.0 Stealth
 + Level 7.3 Shields


You had 8 spell levels left.
You didn't know any spells.

Dungeon Overview and Level Annotations

Branches:
Dungeon (7/15)             Temple (0/1) D:7

Altars:
Dithmenos
Elyvilon
Okawaru
Ru

Shops:
D:4 =   D:7 !


Innate Abilities, Weirdness & Mutations

You reflexively headbutt those who attack you in melee.
You have a pair of horns on your head.


Message History

You hit the steam dragon.
The steam dragon is severely wounded.
You block the steam dragon's attack. x2
You hit the steam dragon.
The steam dragon is severely wounded.
You block the steam dragon's attack. The steam dragon claws you.
* * * LOW HITPOINT WARNING * * *
You barely miss the steam dragon. You headbutt the steam dragon.
The steam dragon is almost dead.
The steam dragon barely misses you. x2
You hit the steam dragon but do no damage.
The steam dragon is almost dead.
The steam dragon bites you.
* * * LOW HITPOINT WARNING * * *
The steam dragon claws you but does no damage.
You barely miss the steam dragon.
The steam dragon is almost dead.
The steam dragon breathes steam at you. The ball of steam hits you!
You die...

#. #........#..##
#. #...#........#
## #.
#.............
#.##.
#........####.
#.#.####.....####
#. #..#....##..#
#. ##.#..#####..#
#. #...D## ##8#
## #.#.@# #>.# #
#. ###.# #8.# # #
.# ##.# ## #. #.#
###. ..
####..###...
...............
...........###
####.....## #
......####


You could see a steam dragon.

Vanquished Creatures
  A hippogriff (D:7)
  Eustachio (D:4)
  Menkaure (D:6)
  Edmund (D:4)
  Duvessa (D:6)
  A sky beast (D:5)
  3 ogres
  5 bullfrogs
  Dowan (D:6)
  A howler monkey (D:4)
  A crimson imp (D:6)
  A centaur zombie (D:5)
  A hound (D:5)
  A bullfrog skeleton (D:5)
  4 orc priests
  Crazy Yiuf (D:7)
  A jelly (D:7)
  3 orc wizards
  3 iguanas
  Jessica (D:2)
  Terence (D:2)
  5 worker ants
  Ijyb (D:4)
  Natasha (D:3)
  3 hound zombies
  A hound skeleton (D:4)
  A mummy (D:6)
  Robin (D:2)
  4 gnolls (D:3)
  8 adders
  An ooze (D:2)
  An adder skeleton (D:7)
  5 worms
  3 dart slugs
  6 leopard geckos
  16 orcs
  A ball python (D:4)
  14 bats
  4 giant cockroaches
  16 goblins
  8 hobgoblins
  11 jackals
  7 quokkas
  7 frilled lizards
  A hobgoblin zombie (D:6)
  9 kobolds
  An orc zombie (D:6)
  A quokka skeleton (D:5)
  A quokka zombie (D:6)
  8 rats
  4 fungi (D:7)
184 creatures vanquished.

Notes
Turn   | Place    | Note
-------+----------+-------------------------------------------
     0 | D:1      | VIVO the Minotaur Fighter began the quest for the Orb.
     0 | D:1      | Reached XP level 1. HP: 19/19 MP: 0/0
   300 | D:1      | Reached XP level 2. HP: 27/27 MP: 1/1
   530 | D:1      | Reached XP level 3. HP: 33/33 MP: 2/2
  1017 | D:2      | Noticed Robin
  1021 | D:2      | Reached skill level 3 in Axes
  1027 | D:2      | Killed Robin
  1103 | D:2      | Noticed Terence
  1106 | D:2      | Found a sacrificial altar of Ru.
  1117 | D:2      | Killed Terence
  1117 | D:2      | Reached XP level 4. HP: 12/40 MP: 3/3
  1369 | D:2      | Noticed Jessica
  1376 | D:2      | Reached skill level 1 in Dodging
  1383 | D:2      | Killed Jessica
  1383 | D:2      | Reached skill level 4 in Axes
  1661 | D:2      | Reached XP level 5. HP: 47/47 MP: 4/4
  1846 | D:3      | Found a shadowy altar of Dithmenos.
  1846 | D:3      | Found an iron altar of Okawaru.
  1851 | D:3      | Became a worshipper of Warmaster Okawaru
  1874 | D:3      | Noticed Natasha
  1887 | D:3      | Killed Natasha
  2171 | D:3      | Reached skill level 5 in Axes
  2218 | D:3      | Reached XP level 6. HP: 44/53 MP: 5/5
  2654 | D:4      | Noticed Eustachio
  2663 | D:4      | Killed Eustachio
  2663 | D:4      | Reached * piety under Okawaru
  2663 | D:4      | Reached skill level 5 in Armour
  2684 | D:4      | Reached skill level 5 in Fighting
  2684 | D:4      | Reached skill level 6 in Axes
  2684 | D:4      | Reached XP level 7. HP: 53/61 MP: 6/6
  2696 | D:4      | Noticed Edmund
  2711 | D:4      | Killed Edmund
  2711 | D:4      | Reached skill level 5 in Shields
  2824 | D:4      | Noticed Ijyb
  2832 | D:4      | Killed Ijyb
  3043 | D:4      | Found Govuare's Jewellery Shop.
  3060 | D:5      | Entered Level 5 of the Dungeon
  3179 | D:5      | Reached skill level 7 in Axes
  3455 | D:5      | Reached ** piety under Okawaru
  3503 | D:5      | Found a white marble altar of Elyvilon.
  3651 | D:5      | Paralysed by fainting for 9 turns
  3806 | D:5      | Reached XP level 8. HP: 66/70 MP: 7/7
  4018 | D:5      | Got a scorched spear
  4023 | D:6      | Noticed Duvessa
  4029 | D:6      | Noticed Dowan
  4031 | D:6      | Killed Duvessa
  4038 | D:6      | Killed Dowan
  4062 | D:6      | Reached skill level 8 in Axes
  4228 | D:6      | Found a sand-covered staircase.
  4318 | D:6      | Noticed Menkaure
  4325 | D:6      | Killed Menkaure
  4325 | D:6      | Reached skill level 1 in Stealth
  4509 | D:6      | Reached *** piety under Okawaru
  4980 | D:6      | Paralysed by fainting for 5 turns
  5015 | D:6      | Paralysed by fainting for 10 turns
  5055 | D:6      | Paralysed by fainting for 6 turns
  5237 | D:7      | Found Kocronnis's Distillery.
  5411 | D:7      | Reached skill level 9 in Axes
  5411 | D:7      | Reached XP level 9. HP: 58/78 MP: 8/8
  5933 | D:7      | Found a runed door.
  5937 | D:7      | Noticed Crazy Yiuf
  5941 | D:7      | Killed Crazy Yiuf
  6071 | D:7      | Found a staircase to the Ecumenical Temple.
  6108 | D:7      | Killed from afar by a steam dragon

Skill      XL: |  1  2  3  4  5  6  7  8 |
---------------+-------------------------+-----
Fighting       | 4 5 6 |  6.8
Armour         | 4 5 6 |  6.8
Axes           | 3 4 5 6 7 9 |  9.5
Shields        | 4 5 7 |  7.3
Dodging        | 1 2 3 4 |  4.5
Stealth        | 1 |  1.0

Action                   |  1- 3 |  4- 6 |  7- 9 || total
-------------------------+-------+-------+-------++-------
Melee: War axe           |    87 |   128 |   266 ||   481
       Headbutt          |    14 |    12 |    56 ||    82
  Use: Potion            |     1 |     1 |     1 ||     3
  Eat: Chunk             |       |     2 |       ||     2
       Bread ration      |       |     1 |     2 ||     3
Armor: Scale mail        |    72 |    53 |   110 ||   235
Dodge: Dodged            |    43 |    56 |   112 ||   211
Block: Shield            |    66 |    92 |   163 ||   321
